 Dungeon Crawl Stone Soup version 0.30.0-5-g1a98f26d00 (webtiles) character file.

Game seed: 2629529745891538559

30357 browni3141 the Slayer (level 13, -2/159 (175) HPs)
             Began as an Ogre Delver on May 10, 2023.
             Was a High Priest of Ru.
             Slain by a white ugly thing (17 damage)
             ... on level 5 of the Lair of Beasts.
             The game lasted 00:26:35 (18570 turns).

browni3141 the Slayer (Ogre Delver)                Turns: 18570, Time: 00:26:36

HP:   -2/159 (175)  AC:  5    Str: 23    XL:     13   Next: 51%
MP:   13/13         EV:  9    Int: 14    God:    Ru [*****.]
Gold: 827           SH:  0    Dex: 10    Spells: 12/12 levels left

rFire   . . .        u - +6 whip of Precise Incision {spect, Int+3}
rCold   . . .        (no shield)
rNeg    + . .        O - +0 robe {Will+}
rPois   .            S - +2 hat
rElec   .            U - scarf {repulsion}
rCorr   .            (gloves unavailable)
SInv    .            (boots unavailable)
Will    +++..        l - amulet of regeneration
Stlth   ++           Z - ring of willpower
HPRegen 1.26/turn    E - ring of positive energy
MPRegen 0.13/turn

%: repel missiles
@: drained
A: large, unfitting armour, tough skin 1, inability to use devices, hated by
all, inability to train dodging, no conjurations magic, no earth magic, no hexes
magic
a: Renounce Religion, Draw Out Power, Power Leap, Apocalypse


You were on level 5 of the Lair of Beasts.
You worshipped Ru.
Ru was extremely pleased with you.
You visited 3 branches of the dungeon, and saw 16 of its levels.

You collected 1103 gold pieces.
You spent 276 gold pieces at shops.

Inventory:

Hand Weapons
 u - the +6 whip of Precise Incision (weapon) {spect, Int+3}
   (You bought it in a shop on level 6 of the Dungeon)

   Int:       It affects your intelligence (+3).
Missiles
 b - a curare-tipped dart
 f - 7 javelins
 q - 3 large rocks
 x - 3 datura-tipped darts
 J - 40 poisoned darts (quivered)
 T - 5 boomerangs
Armour
 O - a +0 robe of willpower (worn)
 S - a +2 hat (worn)
 U - a scarf of repulsion (worn)
Jewellery
 l - an amulet of regeneration (around neck)
 s - a +4 ring of protection
 z - an amulet of magic regeneration
 A - a ring of positive energy
 E - a ring of positive energy (right hand)
 P - an amulet of guardian spirit
 Z - a ring of willpower (left hand)
Wands
 e - a wand of mindburst (7)
 g - a wand of digging (3)
 j - a wand of light (18)
 k - a wand of roots (13)
 p - a wand of polymorph (19)
 V - a wand of flame (23)
Scrolls
 a - 2 scrolls of enchant armour {unknown}
 d - 4 scrolls of magic mapping
 o - 3 scrolls of poison {unknown}
 t - 4 scrolls of blinking {unknown}
 w - 2 scrolls of brand weapon {unknown}
 y - a scroll of acquirement {unknown}
 G - 9 scrolls of teleportation {unknown}
 I - 3 scrolls of vulnerability {unknown}
 K - 2 scrolls of enchant weapon {unknown}
 N - 8 scrolls of noise {unknown}
 Q - 4 scrolls of amnesia {unknown}
 W - 2 scrolls of fear
 X - 2 scrolls of immolation {unknown}
 Y - 4 scrolls of fog
Potions
 c - a potion of cancellation
 h - a potion of haste
 i - a potion of invisibility
 m - 5 potions of magic
 n - a potion of ambrosia
 r - a potion of berserk rage
 v - 3 potions of brilliance
 B - 2 potions of mutation
 C - 7 potions of curing
 D - 3 potions of attraction
 F - 2 potions of flight
 H - 3 potions of heal wounds
 L - 4 potions of lignification
 M - 6 potions of might
 R - a potion of degeneration


   Skills:
 * Level 23.0 Fighting
 + Level 12.2 Maces & Flails
 - Level 2.0 Throwing
 - Level 3.7 Stealth


You had 12 spell levels left.
You didn't know any spells.
Your spell library contained the following spells:

 Spells                   Type           Power      Damage    Failure   Level
 Scorch                   Fire           0%         2d5       41%         2
 Vhi's Electric Charge    Tloc/Air       0%         N/A       65%         3
 Airstrike                Air            0%         2d(0-16)  96%         4
 Plasma Beam              Fire/Air       0%         2x1d11    100%        6
 Static Discharge         Conj/Air       Unusable   2-2/arc   N/A         2
 Flame Wave               Conj/Fire      Unusable   2d4       N/A         4
 Summon Lightning Spire   Summ/Air       Unusable   N/A       N/A         4
 Arcjolt                  Conj/Air       Unusable   1d10      N/A         5
 Summon Cactus Giant      Summ           Unusable   N/A       N/A         6

Dungeon Overview and Level Annotations

Branches:
Dungeon (10/15)            Temple (1/1) D:4            Lair (5/5) D:9
  Swamp (0/4) Lair:3        Snake (0/4) Lair:2        Slime (0/5) Lair:4
    Orc (0/2) D:9

Altars:
Ashenzari
Cheibriados
Dithmenos
Elyvilon
Gozag
Kikubaaqudgha
Makhleb
Nemelex Xobeh
Okawaru
Qazlal
Ru
Sif Muna
Trog
Uskayaw
Vehumet
Wu Jian
Xom
Zin
The Shining One

Shops:
D:1 =   D:2 !   D:6 *


Innate Abilities, Weirdness & Mutations

You are too large for most types of armour.
You have tough skin. (AC +1)
You cannot study or use magical devices.
You are hated by all.
You cannot train Dodging skill.
You cannot study or cast Conjurations magic.
You cannot study or cast Earth magic.
You cannot study or cast Hexes magic.


Message History

The yak barely misses you.
You whack the yak!
The yak is moderately wounded.
You whack the yak!
The yak is heavily wounded.
The yak gores you but does no damage. x2; The yak gores you!
The yak closely misses you.
You hit the yak.
The yak is severely wounded.
You whack the yak!
The yak is almost dead.
The yak gores you! The yak closely misses you.
The yak is stunned by your conviction and fails to attack.
The yak gores you!
You are too injured to fight recklessly!
You are too injured to fight recklessly!
You are too injured to fight recklessly!
You are too injured to fight recklessly!
You are too injured to fight recklessly!
You are too injured to fight recklessly!
You are too injured to fight recklessly!
You are too injured to fight recklessly!
You are too injured to fight recklessly!
You are too injured to fight recklessly!
You are too injured to fight recklessly!
You are too injured to fight recklessly!
The yak attacks as you move away!
You redirect the yak's attack!
The yak gores the yak!
The yak dies!
The yak attacks as you move away! The yak gores you but does no damage.
You are too injured to fight recklessly!
You hit the yak.
The yak is lightly wounded.
You whack the yak!
The yak is heavily wounded.
The yak gores you.
You barely miss the yak.
The yak is heavily wounded.
You hit the yak.
The yak is severely wounded.
The yak is stunned by your conviction and fails to attack.
You hit the yak.
The yak is severely wounded.
You whack the yak!
You kill the yak!
You hit the yak.
The yak is lightly wounded.
You whack the yak!
The yak is moderately wounded.
The yak barely misses you.
You hit the yak.
The yak is heavily wounded.
You hit the yak but do no damage.
The yak is heavily wounded.
The yak gores you but does no damage.
You whack the yak!
The yak is severely wounded.
You hit the yak.
The yak is severely wounded.
You redirect the yak's attack!
The yak closely misses something.
You barely miss the yak.
The yak is severely wounded.
You barely miss the yak.
The yak is severely wounded.
The yak gores you but does no damage.
You whack the yak!
You kill the yak!
You barely miss the white ugly thing. You whack the white ugly thing!
Your punch misses the white ugly thing.
The white ugly thing is lightly wounded.
The white ugly thing is stunned by your conviction and fails to attack.
You hit the white ugly thing.
The white ugly thing is moderately wounded.
You whack the white ugly thing!
The white ugly thing is moderately wounded.
The white ugly thing tail-slaps you! The white ugly thing freezes you!!
* * * LOW HITPOINT WARNING * * *
You completely miss the white ugly thing.
The white ugly thing is moderately wounded.
You whack the white ugly thing!
The white ugly thing is heavily wounded.
The white ugly thing tail-slaps you but does no damage.
You barely miss the white ugly thing.
The white ugly thing is heavily wounded.
You hit the white ugly thing but do no damage.
The white ugly thing is heavily wounded.
The white ugly thing tail-slaps you.
* * * LOW HITPOINT WARNING * * *
The white ugly thing freezes you!!
* * * LOW HITPOINT WARNING * * *
You whack the white ugly thing!
The white ugly thing is severely wounded.
You closely miss the white ugly thing.
The white ugly thing is severely wounded.
The white ugly thing tail-slaps you.
* * * LOW HITPOINT WARNING * * *
The white ugly thing freezes you!
You die...

#.......# .....#P...###
#.......# ##......P....###
##.......##...........###.
#.......##.#..........# #.
##....!....#...........###.
#P.......#.#............#..
#......†Y# #...........##.
##......†u###............#.
.........#@##.....#........
........u#####.#.#.........
.........## ######........
..........#####..##........
...............P.#.........
...#.......................
$##........................
##.................##....
##...............#......


You could see a white ugly thing and a yak.

Vanquished Creatures
  Gastronok (D:9)
  A two-headed ogre (D:8)
  3 death yaks (Lair:4)
  Urug (D:10)
  A fire crab (Lair:5)
  A skyshark (Lair:5)
  Pikel (D:8)
  Joseph (D:7)
  A black mamba (Lair:3)
  8 elephants
  10 cane toads
  A smoke demon (Lair:5)
  2 torpor snails
  Maggie (D:8)
  8 komodo dragons
  A troll (D:10)
  Prince Ribbit (D:7)
  3 dream sheep (Lair:4)
  17 blink frogs
  A spriggan (Lair:5)
  5 wyverns
  A basilisk (Lair:5)
  24 yaks
  7 vampire mosquitoes
  A steam dragon (D:8)
  A small abomination (Lair:5)
  Menkaure (D:7)
  A warg (D:9)
  10 water moccasins
  Duvessa (D:6)
  2 orc warriors
  2 sky beasts
  2 black bears (D:9)
  2 ogres
  A centaur (D:10)
  A phantom (D:5)
  Blork the orc (D:6)
  14 bullfrogs
  3 kobold brigands
  A gnoll sergeant (D:9)
  2 scorpions
  8 wights
  Dowan (D:6)
  12 killer bees
  3 electric eels
  6 howler monkeys
  A quasit (D:7)
  2 jellies
  7 orc priests
  A sleepcap (D:6)
  2 hounds (D:7)
  Terence (D:2)
  2 iguanas (D:5)
  Ijyb (D:4)
  10 orc wizards
  8 adders
  11 gnolls
  5 shadow imps
  3 white imps
  2 ufetubi
  A worm (D:3)
  2 dart slugs
  46 orcs
  5 bats
  4 endoplasms
  5 goblins
  4 hobgoblins
  2 quokkas
  4 ball pythons
  6 frilled lizards
  28 kobolds
  3 rats
  A spectral hobgoblin (D:1)
344 creatures vanquished.

Vanquished Creatures (collateral kills)
  2 killer bees (D:10)
2 creatures vanquished.

Vanquished Creatures (others)
  A yak (Lair:5)
  An ufetubus (D:8)
  2 spectral weapons
4 creatures vanquished.

Grand Total: 350 creatures vanquished

Notes
Turn   | Place    | Note
-------+----------+-------------------------------------------
     0 | D:5      | browni3141 the Ogre Delver began the quest for the Orb.
     0 | D:5      | Reached XP level 1. HP: 24/24 MP: 1/1
    15 | D:6      | Noticed a bullfrog
   168 | D:1      | Found a faded altar of an unknown god.
   263 | D:1      | Reached XP level 2. HP: 8/33 MP: 2/2
   374 | D:1      | Found Hilirgh's Jewellery Shop.
   773 | D:1      | Reached skill level 5 in Fighting
   899 | D:1      | Reached XP level 3. HP: 37/42 MP: 3/3
  1172 | D:2      | Noticed Terence
  1374 | D:2      | Found Qeifoutu's Distillery.
  1381 | D:2      | Bought a potion of curing for 36 gold pieces
  1381 | D:2      | Bought a potion of heal wounds for 60 gold pieces
  1596 | D:2      | Killed Terence
  1597 | D:2      | Reached XP level 4. HP: 24/52 MP: 4/4
  1833 | D:3      | Found a sparkling altar of Nemelex Xobeh.
  1869 | D:3      | Reached skill level 6 in Fighting
  2020 | D:3      | Reached skill level 3 in Maces & Flails
  2020 | D:3      | Reached XP level 5. HP: 15/61 MP: 5/5
  2349 | D:3      | Reached skill level 7 in Fighting
  2372 | D:3      | HP: 3/62 [poisoned by an adder]
  3149 | D:4      | Reached XP level 6. HP: 47/71 MP: 6/6
  3386 | D:4      | Noticed Ijyb
  3396 | D:4      | Killed Ijyb
  3482 | D:4      | Reached skill level 8 in Fighting
  3763 | D:4      | Found a hazy altar of Hepliaklqana.
  3976 | D:4      | Found a staircase to the Ecumenical Temple.
  4096 | Temple   | Entered the Ecumenical Temple
  4235 | Temple   | Became a worshipper of Ru the Awakened
  4674 | D:4      | Reached XP level 7. HP: 42/81 MP: 7/7
  4946 | D:5      | Found a snail-covered altar of Cheibriados.
  5041 | D:5      | Found a basalt altar of Yredelemnul.
  5050 | D:5      | Reached skill level 9 in Fighting
  5734 | D:5      | Reached XP level 8. HP: 78/93 MP: 8/8
  5903 | D:6      | Reached skill level 10 in Fighting
  6181 | D:6      | Found an opulent altar of Gozag.
  6231 | D:6      | Found a shadowy altar of Dithmenos.
  6494 | D:6      | Noticed Dowan
  6517 | D:6      | Reached skill level 11 in Fighting
  6520 | D:6      | Gained mutation: You cannot study or cast Earth magic. [Ru
                  | sacrifice]
  6520 | D:6      | Gained mutation: You cannot study or cast Hexes magic. [Ru
                  | sacrifice]
  6520 | D:6      | Gained mutation: You cannot study or cast Conjurations
                  | magic. [Ru sacrifice]
  6520 | D:6      | Reached * piety under Ru
  6635 | D:6      | Found Peinol's Assorted Antiques.
  6638 | D:6      | Bought a faintly glowing whip for 180 gold pieces
  6638 | D:6      | Identified the +6 whip of Precise Incision {spect, Int+3}
                  | (You bought it in a shop on level 6 of the Dungeon)
  6786 | D:6      | Noticed Blork the orc
  6791 | D:6      | Killed Blork the orc
  6967 | D:6      | Noticed a wyvern
  6974 | D:6      | Killed a wyvern
  7217 | D:6      | Found a broken altar of Ashenzari.
  7227 | D:6      | Found an ornate altar of the Wu Jian Council.
  7491 | D:6      | Noticed Duvessa
  7499 | D:6      | Killed Duvessa
  7500 | D:6      | Reached skill level 12 in Fighting
  7502 | D:6      | Killed Dowan
  7503 | D:6      | Reached skill level 6 in Maces & Flails
  7503 | D:6      | Reached XP level 9. HP: 67/106 MP: 9/9
  7844 | D:7      | Found a bloodstained altar of Trog.
  7935 | D:7      | Noticed Menkaure
  7938 | D:7      | Killed Menkaure
  7947 | D:7      | Reached skill level 13 in Fighting
  8000 | D:7      | Noticed Joseph
  8015 | D:7      | Killed Joseph
  8496 | D:7      | Noticed Prince Ribbit
  8514 | D:7      | Killed Prince Ribbit
  8515 | D:7      | Reached skill level 14 in Fighting
  9229 | D:8      | Noticed a two-headed ogre
  9423 | D:8      | Found a stormy altar of Qazlal.
  9430 | D:8      | Reached XP level 10. HP: 86/123 MP: 8/10
  9559 | D:8      | Noticed Pikel
  9568 | D:8      | Killed Pikel
  9569 | D:8      | Reached skill level 15 in Fighting
 10120 | D:8      | Gained mutation: You are hated by all. [Ru sacrifice]
 10120 | D:8      | Reached ** piety under Ru
 10120 | D:8      | Reached *** piety under Ru
 10333 | D:8      | Found a radiant altar of Vehumet.
 10333 | D:8      | Found a hide-covered altar of Uskayaw.
 10366 | D:8      | Killed a two-headed ogre
 10367 | D:8      | Reached skill level 16 in Fighting
 10915 | D:8      | Noticed Maggie
 10927 | D:8      | Killed Maggie
 11433 | D:9      | Found a staircase to the Lair.
 11439 | D:9      | Reached skill level 17 in Fighting
 11447 | D:9      | Reached XP level 11. HP: 106/139 MP: 6/11
 11473 | D:9      | Reached skill level 9 in Maces & Flails
 11915 | D:9      | Found a staircase to the Orcish Mines.
 12033 | D:9      | Noticed Gastronok
 12053 | D:9      | Killed Gastronok
 12054 | D:9      | Reached skill level 18 in Fighting
 12322 | D:10     | Entered Level 10 of the Dungeon
 12391 | D:10     | Noticed Urug
 12414 | D:10     | Killed Urug
 12594 | D:10     | Found a shimmering altar of Xom.
 12688 | D:10     | Found a white marble altar of Elyvilon.
 12733 | D:10     | Found a glowing golden altar of the Shining One.
 13086 | D:10     | Found a shimmering altar of Xom.
 13086 | D:10     | Found a shimmering altar of Xom.
 13087 | D:10     | Found a shimmering altar of Xom.
 13087 | D:10     | Found a shimmering altar of Xom.
 13114 | D:10     | Found a shimmering altar of Xom.
 13116 | D:10     | Found a shimmering altar of Xom.
 13277 | Lair:1   | Entered Level 1 of the Lair of Beasts
 13547 | Lair:1   | Reached skill level 19 in Fighting
 14377 | Lair:2   | Reached XP level 12. HP: 98/154 MP: 12/12
 14606 | Lair:2   | Reached skill level 20 in Fighting
 14847 | Lair:2   | Found a staircase to the Snake Pit.
 15072 | Lair:2   | Gained mutation: You cannot study or use magical devices.
                  | [Ru sacrifice]
 15072 | Lair:2   | Reached **** piety under Ru
 15072 | Lair:2   | Reached ***** piety under Ru
 15848 | Lair:3   | Reached skill level 21 in Fighting
 15917 | Lair:3   | Found a staircase to the Swamp.
 16443 | Lair:4   | Noticed a death yak
 16445 | Lair:4   | Noticed a death yak
 16585 | Lair:4   | Killed a death yak
 16586 | Lair:4   | Reached skill level 22 in Fighting
 16586 | Lair:4   | Reached XP level 13. HP: 132/163 MP: 4/13
 17133 | Lair:4   | Found a staircase to the Slime Pits.
 17455 | Lair:5   | Entered Level 5 of the Lair of Beasts
 17586 | Lair:5   | Reached skill level 12 in Maces & Flails
 17586 | Lair:5   | HP: 4/160 [something (15)]
 17751 | Lair:5   | Gained mutation: You cannot train Dodging skill. [Ru
                  | sacrifice]
 18532 | Lair:5   | Reached skill level 23 in Fighting
 18570 | Lair:5   | Slain by a white ugly thing

Illustrated notes

Levels and vault maps discovered:
D:1:      dpeg_arrival_another_circle, layout_basic, serial_shops, shop,
          dreamdust_ecumenical_altar_drowned_temple, serial_bayou_pond_e
D:2:      layout_basic, serial_shops, nicolae_diamond_shop, uniq_terence
D:3:      layout_loops_cross, nemelex_xobeh_ov_fountains_minmay,
          minmay_box_of_dots
D:4:      layout_basic, kennysheep_mini, minmay_temple_entry_mist, uniq_ijyb
D:5:      minmay_evil_eye, layout_loops_corners, yredelemnul_altar_generic,
          kennysheep_slug_shrine
D:6:      layout_loops_corners, nicolae_gozag_seed_capital,
          amethyst_overflow_temple_binary, mainiacjoe_overflow_24_doors,
          serial_shops, shop, nicolae_nh_ransacked_shop, uniq_blork_the_orc,
          uniq_duvessa
D:7:      layout_layer_cave, mainiacjoe_overflow_small_starburst, st_stairs_4,
          dreamdust_gnoll_farm, uniq_menkaure, uniq_joseph, uniq_prince_ribbit1
D:8:      layout_basic, mainiacjoe_overflow_chevrons,
          gammafunk_temple_overflow_elements, serial_demonic, serial_demonic_f,
          serial_demonic_c, serial_demonic_f, serial_demonic_f, uniq_pikel,
          uniq_maggie
D:9:      layout_roguey, due_lair_maze_entry_diamond, david_orc_3,
          uniq_gastronok
D:10:     layout_long_grid, xom_shifter_show, tso_oasis_becter,
          lemuel_coloured_pillars_altar, uniq_urug
Temple:   hellmonk_temple_beads
Lair:1:   layout_gridlike, fungi_pond_lemuel, chequers_serial_rivers_small_a
Lair:2:   layout_regular_city, dummy_snake_entry, grunt_megastairs_1
Lair:3:   layout_chaotic_city, minmay_swamp_entry_swarm
Lair:4:   layout_small_grid, dpeg_slime_entry_corner,
          chequers_serial_rivers_micro_b
Lair:5:   hellmonk_lair_end_abyssal_woods, layout_cellular_growth,
          serial_bayou_shore_a

Skill      XL: |  1  2  3  4  5  6  7  8  9 10 11 12 13 |
---------------+----------------------------------------+-----
Maces & Flails | 2 3 4 6 7 8 10 11 12 | 12.2
Fighting       | 5 6 7 8 9 12 14 17 19 22 23 | 23.0
Throwing       | 2 |  2.0
Dodging        | 0 |  0.0
Stealth        | |  3.7

Action                     |  1- 3 |  4- 6 |  7- 9 | 10-12 | 13-15 || total
---------------------------+-------+-------+-------+-------+-------++-------
  Melee: Mace              |    88 |   125 |       |       |       ||   213
         Punch             |       |     4 |     2 |    10 |     1 ||    17
         Flail             |       |    37 |   135 |       |       ||   172
         Whip              |       |       |   126 |   552 |   174 ||   852
  Throw: Dart              |    11 |    21 |    25 |    30 |     3 ||    90
         Throwing net      |       |     2 |       |       |       ||     2
 Invoke: Sacrifice Arcana  |       |       |     1 |       |       ||     1
         Sacrifice Love    |       |       |       |     1 |       ||     1
         Apocalypse        |       |       |       |     3 |     2 ||     5
         Sacrifice Artific |       |       |       |     1 |       ||     1
         Power Leap        |       |       |       |       |     2 ||     2
         Sacrifice Nimblen |       |       |       |       |     1 ||     1
  Evoke: Wand              |       |       |     9 |     5 |       ||    14
    Use: Potion            |     1 |     5 |       |     1 |     2 ||     9
         Scroll            |       |     1 |       |       |    12 ||    13
   Stab: Sleeping          |     5 |     1 |     7 |     3 |       ||    16
         Distracted        |       |       |     2 |     9 |     1 ||    12
         Invisible         |       |       |       |    10 |     5 ||    15
 Armour: Robe              |    33 |    48 |    80 |    74 |    19 ||   254
  Dodge: Dodged            |    57 |   115 |   112 |   177 |    29 ||   490
         Repelled          |       |       |       |     1 |       ||     1
